[ AOE2 MATCH · #468438969 ]
UnrankedPersians vs Persians
[ REPLAY ANALYSIS · EXTRACTED FROM THE RECORDED GAME ]
Feudal
—
Castle
—
Imperial
—
| APM avg | 30.4 |
| APM peak | 43 |
| eAPM avg | 10.8 |
| Villagers / military | 26 / 0 |
Focus
⚔️ 16.0% · 🌾 84.0%
Fishing Ship ×7
Feudal
—
Castle
—
Imperial
—
| APM avg | 2.7 |
| APM peak | 7 |
| eAPM avg | 2.7 |
| Villagers / military | 2 / 0 |
Focus
⚔️ 37.5% · 🌾 62.5%
Feudal
—
Castle
—
Imperial
—
| APM avg | 64.3 |
| APM peak | 82 |
| eAPM avg | 17.9 |
| Villagers / military | 29 / 0 |
Focus
⚔️ 33.3% · 🌾 66.7%
Fishing Ship ×6
Feudal
—
Castle
—
Imperial
—
| APM avg | 48.6 |
| APM peak | 73 |
| eAPM avg | 13.7 |
| Villagers / military | 23 / 0 |
Focus
⚔️ 19.8% · 🌾 80.2%
Fishing Ship ×7
Feudal
—
Castle
—
Imperial
—
| APM avg | 23.9 |
| APM peak | 53 |
| eAPM avg | 8.5 |
| Villagers / military | 15 / 0 |
Focus
⚔️ 17.7% · 🌾 82.3%
Fishing Ship ×4
Feudal
—
Castle
—
Imperial
—
| APM avg | 58.6 |
| APM peak | 91 |
| eAPM avg | 16.3 |
| Villagers / military | 23 / 0 |
Focus
⚔️ 9.2% · 🌾 90.8%
Fishing Ship ×7
Match map
Initial resources + every placement click. Lines = walls · curves = elevation contours. ◆ gold · ⬟ stone · ● berries · ✦ relic · ◌ wall gap
Your base
SILENT MONK AOE BD's base
winstonx9's base
阿伟's base
Mezsar's base
Promise999's base
Smoothed initial terrain · ◌ = detected wall gap · hover for details
Inputs per minute
— Kingsley诸葛军师 - - SILENT MONK AOE BD
Build order — Kingsley诸葛军师
48 actions detected in the replay
| 0:30 | Build | Town Center |
| 1:32 | Build | Dock |
| 2:40 | Create | Fishing Ship |
| 2:40 | Create | Fishing Ship |
| 2:43 | Create | Villager (Male) |
| 2:43 | Create | Villager (Male) |
| 2:43 | Create | Villager (Male) |
| 2:44 | Create | Villager (Male) |
| 2:44 | Create | Villager (Male) |
| 2:44 | Create | Villager (Male) |
| 2:49 | Build | House |
| 3:13 | Research | Loom |
| 3:37 | Create | Villager (Male) |
| 3:37 | Create | Villager (Male) |
| 3:38 | Create | Villager (Male) |
| 3:38 | Create | Villager (Male) |
| 3:38 | Create | Villager (Male) |
| 3:43 | Build | House |
| 3:58 | Build | House |
| 4:38 | Create | Villager (Male) |
| 4:38 | Create | Villager (Male) |
| 4:52 | Build | House |
| 4:59 | Create | Villager (Male) |
| 4:59 | Create | Villager (Male) |
| 5:13 | Create | Villager (Male) |
| 5:13 | Create | Villager (Male) |
| 5:32 | Build | Palisade Wall |
| 5:36 | Build | Palisade Wall |
| 5:49 | Build | Palisade Wall |
| 6:06 | Build | House |
| 6:18 | Build | Palisade Wall |
| 6:23 | Build | House |
| 6:27 | Build | House |
| 6:31 | Build | Palisade Wall |
| 6:38 | Create | Villager (Male) |
| 6:38 | Create | Villager (Male) |
| 7:00 | Create | Villager (Male) |
| 7:01 | Create | Villager (Male) |
| 7:01 | Create | Villager (Male) |
| 7:01 | Create | Villager (Male) |
| 7:01 | Create | Villager (Male) |
| 7:09 | Create | Fishing Ship |
| 7:09 | Create | Fishing Ship |
| 7:56 | Create | Villager (Male) |
| 7:56 | Create | Villager (Male) |
| 8:00 | Create | Fishing Ship |
| 8:08 | Create | Fishing Ship |
| 8:08 | Create | Fishing Ship |
Build order — SILENT MONK AOE BD
3 actions detected in the replay
| 0:18 | Build | Town Center |
| 6:25 | Create | Villager (Male) |
| 6:25 | Create | Villager (Male) |
Build order — winstonx9
44 actions detected in the replay
| 0:06 | Build | House |
| 0:11 | Build | Town Center |
| 0:56 | Build | Dock |
| 1:03 | Build | Palisade Wall |
| 2:36 | Create | Villager (Male) |
| 2:37 | Create | Villager (Male) |
| 2:39 | Create | Villager (Male) |
| 2:45 | Create | Villager (Male) |
| 2:58 | Research | Loom |
| 3:00 | Create | Villager (Male) |
| 3:08 | Create | Villager (Male) |
| 3:15 | Create | Villager (Male) |
| 3:15 | Create | Villager (Male) |
| 3:23 | Build | House |
| 3:32 | Create | Villager (Male) |
| 3:32 | Create | Villager (Male) |
| 3:32 | Create | Villager (Male) |
| 4:26 | Create | Fishing Ship |
| 4:53 | Create | Villager (Male) |
| 4:53 | Create | Villager (Male) |
| 5:15 | Create | Fishing Ship |
| 5:15 | Create | Fishing Ship |
| 5:15 | Create | Fishing Ship |
| 5:29 | Create | Villager (Male) |
| 5:30 | Create | Villager (Male) |
| 5:37 | Build | Palisade Wall |
| 5:53 | Create | Villager (Male) |
| 5:53 | Create | Villager (Male) |
| 5:53 | Create | Villager (Male) |
| 6:02 | Create | Fishing Ship |
| 6:26 | Create | Villager (Male) |
| 6:26 | Create | Villager (Male) |
| 6:26 | Create | Villager (Male) |
| 6:29 | Build | House |
| 6:56 | Create | Villager (Male) |
| 6:56 | Create | Villager (Male) |
| 6:56 | Create | Villager (Male) |
| 7:02 | Build | House |
| 7:19 | Create | Villager (Male) |
| 7:41 | Create | Villager (Male) |
| 7:42 | Create | Villager (Male) |
| 7:59 | Create | Villager (Male) |
| 8:18 | Create | Fishing Ship |
| 8:19 | Create | Villager (Male) |
Build order — 阿伟
37 actions detected in the replay
| 0:21 | Build | Town Center |
| 0:49 | Build | House |
| 0:51 | Build | Dock |
| 2:36 | Create | Villager (Male) |
| 2:36 | Create | Villager (Male) |
| 2:38 | Create | Villager (Male) |
| 2:38 | Create | Villager (Male) |
| 2:38 | Create | Villager (Male) |
| 3:59 | Create | Villager (Male) |
| 3:59 | Create | Villager (Male) |
| 4:18 | Create | Fishing Ship |
| 4:18 | Create | Fishing Ship |
| 4:39 | Create | Villager (Male) |
| 4:39 | Create | Villager (Male) |
| 4:45 | Build | House |
| 5:05 | Create | Villager (Male) |
| 5:05 | Create | Villager (Male) |
| 5:36 | Create | Villager (Male) |
| 5:36 | Create | Villager (Male) |
| 5:38 | Create | Fishing Ship |
| 5:54 | Create | Villager (Male) |
| 5:56 | Create | Villager (Male) |
| 5:56 | Create | Villager (Male) |
| 6:05 | Build | House |
| 6:21 | Research | Loom |
| 6:30 | Create | Villager (Male) |
| 6:30 | Create | Villager (Male) |
| 6:38 | Create | Fishing Ship |
| 7:08 | Create | Villager (Male) |
| 7:09 | Create | Villager (Male) |
| 7:22 | Create | Villager (Male) |
| 7:25 | Build | House |
| 7:26 | Create | Fishing Ship |
| 7:26 | Create | Fishing Ship |
| 8:22 | Create | Fishing Ship |
| 8:34 | Create | Villager (Male) |
| 8:34 | Create | Villager (Male) |
Build order — Mezsar
28 actions detected in the replay
| 0:06 | Build | Town Center |
| 1:39 | Build | Dock |
| 1:47 | Build | Palisade Wall |
| 2:03 | Build | Palisade Wall |
| 2:33 | Create | Villager (Male) |
| 2:33 | Create | Villager (Male) |
| 2:33 | Create | Villager (Male) |
| 2:33 | Create | Villager (Male) |
| 3:30 | Create | Fishing Ship |
| 4:24 | Research | Loom |
| 4:31 | Build | House |
| 4:39 | Create | Fishing Ship |
| 4:41 | Create | Villager (Male) |
| 5:12 | Build | House |
| 5:31 | Create | Fishing Ship |
| 5:37 | Create | Villager (Male) |
| 6:03 | Create | Villager (Male) |
| 6:03 | Create | Villager (Male) |
| 6:27 | Create | Villager (Male) |
| 6:41 | Create | Villager (Male) |
| 6:57 | Create | Villager (Male) |
| 7:06 | Create | Fishing Ship |
| 7:18 | Create | Villager (Male) |
| 7:29 | Build | House |
| 7:33 | Create | Villager (Male) |
| 7:47 | Create | Villager (Male) |
| 8:14 | Build | House |
| 8:27 | Create | Villager (Male) |
Build order — Promise999
39 actions detected in the replay
| 0:49 | Build | Town Center |
| 1:19 | Build | House |
| 2:47 | Build | Dock |
| 3:02 | Create | Villager (Male) |
| 3:03 | Create | Villager (Male) |
| 3:03 | Create | Villager (Male) |
| 3:03 | Create | Villager (Male) |
| 3:03 | Create | Villager (Male) |
| 4:17 | Create | Fishing Ship |
| 4:18 | Create | Fishing Ship |
| 4:44 | Research | Loom |
| 4:45 | Research | Loom |
| 4:45 | Research | Loom |
| 5:05 | Build | House |
| 5:09 | Create | Villager (Male) |
| 5:09 | Create | Villager (Male) |
| 5:09 | Create | Villager (Male) |
| 5:43 | Create | Villager (Male) |
| 5:43 | Create | Villager (Male) |
| 5:53 | Create | Villager (Male) |
| 5:53 | Create | Villager (Male) |
| 6:11 | Create | Villager (Male) |
| 6:11 | Create | Villager (Male) |
| 6:12 | Create | Villager (Male) |
| 6:36 | Create | Fishing Ship |
| 6:36 | Create | Fishing Ship |
| 6:39 | Build | House |
| 7:00 | Create | Villager (Male) |
| 7:21 | Create | Villager (Male) |
| 7:21 | Create | Villager (Male) |
| 7:22 | Create | Villager (Male) |
| 7:28 | Create | Fishing Ship |
| 7:29 | Create | Fishing Ship |
| 7:32 | Create | Villager (Male) |
| 8:07 | Create | Villager (Male) |
| 8:07 | Create | Villager (Male) |
| 8:10 | Create | Fishing Ship |
| 8:15 | Build | House |
| 8:27 | Create | Villager (Male) |
Match timeline
| 0:51 | 阿伟 · first_building Dock |
| 0:56 | winstonx9 · first_building Dock |
| 1:03 | winstonx9 · wall_segment Palisade Wall x1 |
| 1:32 | Kingsley诸葛军师 · first_building Dock |
| 1:39 | Mezsar · first_building Dock |
| 1:47 | Mezsar · wall_segment Palisade Wall x2 |
| 2:03 | Mezsar · wall_segment Palisade Wall x1 |
| 2:47 | Promise999 · first_building Dock |
| 5:32 | Kingsley诸葛军师 · wall_segment Palisade Wall x1 |
| 5:36 | Kingsley诸葛军师 · wall_segment Palisade Wall x1 |
| 5:37 | winstonx9 · wall_segment Palisade Wall x1 |
| 5:49 | Kingsley诸葛军师 · wall_segment Palisade Wall x1 |
| 6:18 | Kingsley诸葛军师 · wall_segment Palisade Wall x1 |
| 6:31 | Kingsley诸葛军师 · wall_segment Palisade Wall x1 |
| 8:24 | SILENT MONK AOE BD · resign |
[ AI ANALYSIS · 1 CREDIT ]
What really happened in this match?
Wolo.gg analyzes every decision: build order, eco, micro, common mistakes by bracket. Personalized analysis on WhatsApp or Discord in 30 seconds.
Civ guide
Persians
Perfil
Jugador #4483978